 Dungeon Crawl Stone Soup version 0.28-a0-919-g0b5b508569 (webtiles) character file.

Game seed: 17151820726728743052

5 siradein the Charlatan (level 1, 0/15 HPs)
             Began as a Demonspawn Artificer on Nov 25, 2021.
             Slain by a quokka (3 damage)
             ... on level 1 of the Dungeon.
             The game lasted 00:00:27 (176 turns).

siradein the Charlatan (Demonspawn Artificer)        Turns: 176, Time: 00:00:28

Health: 0/15       AC:  3    Str: 12    XL:     1   Next: 66%
Magic:  1/1        EV: 11    Int: 12    God:
Gold:   0          SH:  0    Dex: 13    Spells: 0/0 levels left

rFire   . . .      SeeInvis .   a - +0 club
rCold   . . .      Faith    .   (no shield)
rNeg    . . .      Spirit   .   b - +0 leather armour
rPois   .          Reflect  .   (no helmet)
rElec   .          Harm     .   (no cloak)
rCorr   .          Rampage  .   (no gloves)
Will    .....                   (no boots)
Stlth   +.........              (no amulet)
HPRegen 0.05/turn               (no ring)
MPRegen 0.07/turn               (no ring)

@: no status effects
A: no striking features
a: no special abilities


You were on level 1 of the Dungeon.
You visited 1 branch of the dungeon, and saw 1 of its levels.

Inventory:

Hand Weapons
 a - a +0 club (weapon)
Armour
 b - a +0 leather armour (worn)
Wands
 c - a wand of flame (15) (quivered)
 d - a wand of charming (15)
Miscellaneous
 e - a piece from Xom's chessboard (15/15)


   Skills:
 + Level 1.2 Fighting
 + Level 1.9 Armour
 + Level 1.1 Dodging
 - Level 0.8 Stealth
 + Level 3.1 Evocations


You couldn't memorise any spells.
You didn't know any spells.
Your spell library was empty.

Dungeon Overview and Level Annotations

Branches:
Dungeon (1/15)

Altars:


Message History

The bat closely misses you. The bat closely misses you.
You hit the bat but do no damage. The bat closely misses you.
The bat hits you. x2
You closely miss the bat. The bat hits you but does no damage.
The bat barely misses you.
You barely miss the bat. The bat barely misses you. x2
You hit the bat but do no damage. The bat misses you.
A quokka comes into view.
The bat closely misses you. The bat hits you but does no damage.
You hit the bat but do no damage. The bat hits you but does no damage.
The bat barely misses you. The bat hits you but does no damage.
You completely miss the bat. The bat closely misses you. The bat hits you.
The bat hits you but does no damage.
You are too injured to fight recklessly!
You are too injured to fight recklessly!
You are too injured to fight recklessly!
You are too injured to fight recklessly!
You are too injured to fight recklessly!
You are too injured to fight recklessly!
You are too injured to fight recklessly!
The bat barely misses you. The bat hits you but does no damage.
The bat closely misses you. The bat closely misses you. x2
The bat hits you but does no damage. The bat hits you but does no damage. x2
You hit the bat.
The bat is severely wounded.
The bat hits you.
You hit the bat.
You kill the bat!
The quokka bites you.
You closely miss the quokka.
The quokka bites you but does no damage.
You barely miss the quokka. The quokka bites you.
* * * LOW HITPOINT WARNING * * *
The quokka barely misses you.
You hit the quokka.
The quokka is almost dead.
The quokka bites you.
You die...

#.#.......#.#..
#.#........... ♣♣♣
#.#.........# .
♣...##.#.........#.# ♣.
♣♣..................#
♣.♣♣....##.####♣.♣#♣.♣.#
....... #.# #..........
.....###.###.♣.♣#♣.♣###
... #@............>...
#.# #r#.######'######
#.###.#.# #.......#
+.....#.# #.8.8.8.#
#.#.......#.......#
+.#.....#.+.8.<.8.+
###.....# #.......#
......# #.8.8.8.#
##....## #.......#


You could see a quokka.

Vanquished Creatures
  A ball python (D:1)
  A bat (D:1)
  2 hobgoblins (D:1)
4 creatures vanquished.

Notes
Turn   | Place    | Note
-------+----------+-------------------------------------------
     0 | D:1      | siradein the Demonspawn Artificer began the quest for the
                  | Orb.
     0 | D:1      | Reached XP level 1. HP: 15/15 MP: 1/1
    55 | D:1      | Reached skill level 1 in Dodging
   176 | D:1      | Slain by a quokka

Illustrated notes

Levels and vault maps discovered:
D:1:      doesnt_arrival_eight_statues, layout_basic, serial_forest,
          infiniplex_forest_straight_5, infiniplex_forest_lined_2,
          infiniplex_forest_straight_1, infiniplex_forest_join,
          infiniplex_forest_lined_corner, infiniplex_forest_lined_room_3,
          shapermc_ecumenical_altar_mp_ritualfount, chequers_decorated_corner

Skill      XL: |  1 |
---------------+----+-----
Dodging        | 1 |  1.1
Fighting       | |  1.2
Armour         | |  1.9
Stealth        | |  0.8
Evocations     | |  3.1

Action                   || total
-------------------------++-------
Melee: Club              ||    32
Armor: Leather armour    ||    15
Dodge: Dodged            ||    29

Table legend: (Time is in decaauts)
 A = Elapsed time spent in this place.
 B = Non-inter-level travel time spent in this place.
 C = Inter-level travel time spent in this place.
 D = Time resting spent in this place.
 E = Time spent auto-exploring this place.
 F = Levels seen in this place.
 G = Mean time per level.
                   A        B        C        D        E       F      G
               +--------+--------+--------+--------+--------+-----+--------+
         Total |    185 |    185 |      0 |      0 |    122 |   1 |  185.0 |
       Dungeon |    185 |    185 |      0 |      0 |    122 |   1 |  185.0 |
               +--------+--------+--------+--------+--------+-----+--------+

Top non-repeatable levels by time:
     D:1: 185 daAuts
